 Dungeon Crawl Stone Soup version 0.30-a0-793-g160f7cfddd (webtiles) character file.

Game seed: 16654460822232817518

84 Mickster the Slasher (level 4, 0/36 HPs)
             Began as a Demigod Gladiator on Feb 19, 2023.
             Slain by an orc priest
             ... wielding a +0 trident
              (2 damage)
             ... on level 3 of the Dungeon.
             The game lasted 00:29:05 (1801 turns).

Mickster the Slasher (Demigod Gladiator)            Turns: 1801, Time: 00:29:06

Health: 0/36       AC: 11    Str: 17 (19) XL:     4   Next: 3%
Magic:  6/6        EV:  7    Int: 10      God:
Gold:   128        SH:  0    Dex: 15      Spells: 3/3 levels left

rFire   . . .      SeeInvis .    a - +0 long sword
rCold   . . .      Faith    .    (no shield)
rNeg    . . .      Spirit   .    l - +0 plate armour
rPois   .          Reflect  .    (helmet restricted)
rElec   .          Harm     .    (no cloak)
rCorr   .          Rampage  .    (no gloves)
Will    .....                    k - +0 pair of boots Stlth
                                 (no amulet)
HPRegen 0.26/turn                o - ring of flight
MPRegen 0.10/turn                (no ring)

@: mighty, flying
A: high MP 1, forlorn, divine attributes, horns 1, sturdy frame 1
a: no special abilities


You were on level 3 of the Dungeon.
You visited 1 branch of the dungeon, and saw 3 of its levels.

You collected 128 gold pieces.

Inventory:

Hand Weapons
 a - a +0 long sword (weapon)
 b - a +0 falchion
 f - a +0 sling
 n - a +0 great sword
Missiles
 d - 3 throwing nets
 e - a javelin
 i - 9 stones (quivered)
Armour
 c - a +0 helmet
 k - a +0 pair of boots (worn)
 l - a +0 plate armour (worn)
Jewellery
 o - a ring of flight (left hand)
Potions
 g - a potion of magic
 m - a potion of might
 p - a potion of mutation


   Skills:
 + Level 1.8 Fighting
 + Level 3.5 Long Blades
 + Level 2.0 Throwing
 + Level 1.4 Armour
 + Level 3.2 Dodging
 + Level 0.3 Stealth


You had 3 spell levels left.
You didn't know any spells.
Your spell library was empty.

Dungeon Overview and Level Annotations

Branches:
Dungeon (3/15)


Innate Abilities, Weirdness & Mutations

You have an increased reservoir of magic. (+10% MP)
You shall have no god before yourself.
Your divine heritage dramatically boosts your attributes as you level up.
You have a pair of small horns on your head.
Your movements are slightly less encumbered by armour. (ER -2)


Message History

You hit the orc.
You kill the orc!
The frilled lizard barely misses you. The orc priest barely misses you.
The kobold hits you but does no damage.
You have reached level 4!
You feel very mighty all of a sudden. The frilled lizard closely misses you.
The orc priest barely misses you.
The kobold hits you with a +0 short sword.
* * * LOW HITPOINT WARNING * * *
The rat closely misses you.
You slice the rat!!
You kill the rat!
The frilled lizard barely misses you.
The orc priest hits you but does no damage.
The kobold barely misses you.
You barely miss the frilled lizard.
Your headbutt misses the frilled lizard.
The frilled lizard bites you but does no damage.
The orc priest hits you from afar with a +0 trident.
* * * LOW HITPOINT WARNING * * *
The kobold hits you but does no damage. The frilled lizard barely misses you.
The kobold barely misses you.
The orc priest hits you but does no damage.
You barely miss the frilled lizard.
The frilled lizard bites you but does no damage.
The orc priest hits you but does no damage.
The kobold barely misses you.
You barely miss the frilled lizard.
The frilled lizard bites you but does no damage.
The orc priest barely misses you. The kobold hits you but does no damage.
You slash the frilled lizard!
You kill the frilled lizard!
The orc priest hits you from afar with a +0 trident.
* * * LOW HITPOINT WARNING * * *
The kobold hits you but does no damage.
You slash the kobold!
You kill the kobold!
The orc priest hits you but does no damage.
The orc priest hits you from afar with a +0 trident.
You die...

...............
###.....................
........................
.#......................
........................
.#......................
...................†....
.#....).................
......)@................
.#...o..................
>.......................
#.......................
#.......................
#.......................
#.......................
........................
#.....................


You could see an orc priest.

Vanquished Creatures
  3 adders
  A worm (D:3)
  A dart slug (D:1)
  2 orcs (D:3)
  5 ball pythons
  5 bats
  3 endoplasms
  A giant cockroach (D:1)
  2 goblins
  4 hobgoblins
  4 jackals (D:3)
  2 quokkas
  5 frilled lizards
  8 kobolds
  3 rats
49 creatures vanquished.

Notes
Turn   | Place    | Note
-------+----------+-------------------------------------------
     0 | D:1      | Mickster the Demigod Gladiator began the quest for the Orb.
     0 | D:1      | Reached XP level 1. HP: 17/17 MP: 3/3
   632 | D:1      | Reached XP level 2. HP: 15/24 MP: 4/4
  1264 | D:2      | Reached XP level 3. HP: 29/29 MP: 5/5
  1596 | D:3      | Reached skill level 1 in Armour
  1668 | D:3      | Gained mutation: You have a pair of small horns on your
                  | head. [potion of mutation]
  1668 | D:3      | Gained mutation: You are weak. (Str -2) [potion of
                  | mutation]
  1668 | D:3      | Gained mutation: Your movements are slightly less
                  | encumbered by armour. (ER -2) [potion of mutation]
  1668 | D:3      | Lost mutation: You are weak. (Str -2) [potion of mutation]
  1795 | D:3      | Reached XP level 4. HP: 4/36 MP: 6/6
  1801 | D:3      | Slain by an orc priest

Illustrated notes

Levels and vault maps discovered:
D:1:      dpeg_arrival_rooms_with_view, layout_loops_corners,
          ebering_ecumenical_altar_sacrificial, minmay_misc_feat_rows,
          columned_hall_lemuel
D:2:      layout_loops_ring
D:3:      layout_basic, st_stairs_2, chequers_decorated_corner

Skill      XL: |  1  2  3 |
---------------+----------+-----
Throwing       | 2 |  2.0
Long Blades    | 3 |  3.5
Dodging        | 3 |  3.2
Armour         | 1 |  1.4
Fighting       | |  1.8
Stealth        | |  0.3

Action                     |  1- 3 |  4- 6 || total
---------------------------+-------+-------++-------
  Melee: Long sword        |   104 |     6 ||   110
         Falchion          |    38 |       ||    38
         Great sword       |    21 |       ||    21
         Headbutt          |     4 |       ||     4
   Fire: Sling             |     5 |       ||     5
  Throw: Stone             |     4 |       ||     4
    Use: Potion            |     5 |     1 ||     6
         Scroll            |     2 |       ||     2
 Armour: Ring mail         |    28 |       ||    28
         Leather armour    |     4 |       ||     4
         Plate armour      |   138 |    10 ||   148
  Dodge: Dodged            |   118 |     9 ||   127

Table legend: (Time is in decaauts)
 A = Elapsed time spent in this place.
 B = Non-inter-level travel time spent in this place.
 C = Inter-level travel time spent in this place.
 D = Time resting spent in this place.
 E = Time spent auto-exploring this place.
 F = Levels seen in this place.
 G = Mean time per level.
                   A        B        C        D        E       F      G
               +--------+--------+--------+--------+--------+-----+--------+
         Total |   1851 |   1761 |     90 |     12 |      0 |   3 |  617.0 |
       Dungeon |   1851 |   1761 |     90 |     12 |      0 |   3 |  617.0 |
               +--------+--------+--------+--------+--------+-----+--------+

Top non-repeatable levels by time:
     D:1: 1153 daAuts
     D:2: 359 daAuts
     D:3: 338 daAuts
